Construct Infanterie Kompanie
Infanterie Officer Quarters
Construct Luftwaffe Kompanie
Selects Mechanized Battlegroup
Flak 30 Anti-aircraft Gun Team
Selects 8 Rad Armored Car
Construct Panzer Kompanie
Selects UNKNOWN (2160084)
Selects Mobile Repair Stations
Selects Wespe Self-propelled Artillery
Wespe Self-propelled Artillery
Construct Panzergrenadier Kompanie
Selects Zeroing Artillery Barrage
Zeroing Artillery Barrage